 Dungeon Crawl Stone Soup version 0.28-a0-422-gd71735cc25 (webtiles) character file.

Game seed: 3819675685876461555

21522 mg7810 the Carver (level 12, -9/103 HPs)
             Began as a Grey Draconian Fighter on Sept 7, 2021.
             Was a Priest of Trog.
             Mangled by a large abomination (13 damage)
             ... on level 3 of the Abyss on Sept 8, 2021.
             The game lasted 00:51:36 (14750 turns).

mg7810 the Carver (Grey Draconian Fighter)         Turns: 14750, Time: 00:51:37

Health: -9/103     AC: 26    Str: 28    XL:     12   Next: 54%
Magic:  12/12      EV: 15    Int:  8    God:    Trog [***...]
Gold:   405        SH:  0    Dex: 15    Spells: 11/11 levels left

rFire   . . .      SeeInvis .   h - +7 great sword (venom)
rCold   . . .      Faith    .   (shield currently unavailable)
rNeg    . . .      Spirit   .   (armour unavailable)
rPois   .          Reflect  .   (helmet restricted)
rElec   .          Harm     .   b - +0 cloak
rCorr   +          Rampage  .   x - +0 pair of gloves
Will    .....      Rnd*Rage +   u - +2 pair of boots {Stlth+}
Stlth   +++++.....              y - amulet "Hitema" {Drain Regen+ rCorr Dex+8}
HPRegen 0.00/turn               j - +6 ring of strength
MPRegen 0.13/turn               M - ring of the Tortoise {AC+8}

@: badly diseased
A: AC +13, amphibious, unfitting armour, cold-blooded, stinger 1, weak 1,
devolution 1, [berserk 2], [clumsy 2], [no potion heal 1]
a: Renounce Religion, Berserk, Trog's Hand


You were on level 3 of the Abyss.
You worshipped Trog.
Trog was most pleased with you.
You visited 2 branches of the dungeon, and saw 13 of its levels.
You visited the Abyss 1 time.

You collected 693 gold pieces.
You spent 288 gold pieces at shops.

Inventory:

Hand Weapons
 h - a +7 great sword of venom (weapon)
 v - a +2 hand crossbow of flaming
Missiles
 a - 90 bolts
 e - 105 poisoned darts (quivered)
 l - 23 boomerangs
 r - 7 javelins
 R - a throwing net
Armour
 b - a +0 cloak (worn)
 u - a +2 pair of boots of stealth (worn)
 x - a +0 pair of gloves (worn)
Jewellery
 g - a ring of protection from cold
 j - a +6 ring of strength (left hand)
 y - the amulet "Hitema" (around neck) {Drain Regen+ rCorr Dex+8}
   (You took it off a gnoll on level 9 of the Dungeon)

   [amulet of regeneration]

   Dex:       It affects your dexterity (+8).
   Regen:     It increases your rate of health regeneration.
   rCorr:     It protects you from acid and corrosion.
   Drain:     It drains your maximum health when unequipped.
 A - a ring of willpower
 C - a ring of see invisible
 M - the ring of the Tortoise (right hand) {AC+8}
   (You found it on level 11 of the Dungeon)

   [ring of protection]

   AC:        It affects your AC (+8).
Wands
 f - a wand of paralysis (6)
 m - a wand of flame (13)
 s - a wand of iceblast (7)
 z - a wand of mindburst (15)
 N - a wand of acid (11)
 P - a wand of digging (6)
Scrolls
 d - 2 scrolls of silence
 i - 5 scrolls of teleportation
 k - 2 scrolls of fog
 w - a scroll of torment
 D - a scroll of identify
 F - 2 scrolls of enchant weapon
 G - 3 scrolls of enchant armour
 I - a scroll of fear
Potions
 c - a potion of magic
 o - a potion of degeneration {unknown}
 q - 3 potions of flight
 B - 6 potions of haste {unknown}
 H - 2 potions of heal wounds
 J - 2 potions of curing
 Q - a potion of ambrosia {unknown}
 S - a potion of cancellation
Miscellaneous
 n - a lightning rod (4/4)
 t - a condenser vane
 E - a piece from Xom's chessboard (15/15)


   Skills:
 + Level 8.3 Fighting
 + Level 11.8 Long Blades
 + Level 4.4 Crossbows
 + Level 6.1 Throwing
 + Level 7.6 Dodging
 + Level 7.8 Stealth
 - Level 3.8 Shields
 + Level 6.5 Unarmed Combat
 + Level 4.7 Evocations


You had 11 spell levels left.
You didn't know any spells.
Your spell library contained the following spells:

 Spells                   Type           Power      Damage    Failure   Level
 Foxfire                  Conj/Fire      0%         2x1d4     41%         1
 Static Discharge         Conj/Air       0%         N/A       54%         2
 Conjure Flame            Conj/Fire      0%         6-21      78%         3
 Inner Flame              Hex/Fire       0%         N/A       78%         3
 Flame Wave               Conj/Fire      0%         3d3       99%         4
 Hailstorm                Conj/Ice       0%         3d3       99%         4
 Ice Form                 Ice/Tmut       0%         N/A       99%         4
 Lightning Bolt           Conj/Air       0%         1d11      100%        5
 Simulacrum               Ice/Necr       0%         N/A       100%        6
 Maxwell's Capacitive Co  Air            0%         ∞         100%        8


Dungeon Overview and Level Annotations

Branches:
Dungeon (11/15)            Temple (1/1) D:4
   Lair: D:8-11         Orc: D:9-12

Altars:
Ashenzari
Cheibriados
Dithmenos
Elyvilon
Fedhas
Gozag
Hepliaklqana
Kikubaaqudgha
Makhleb
Nemelex Xobeh
Okawaru
Qazlal
Ru
Sif Muna
Trog
Uskayaw
Vehumet
Wu Jian
Xom
Yredelemnul
Zin
The Shining One
Beogh

Shops:
D:3 [   D:6 :=:?*   D:10 !

Annotations:
D:11 exclusion: oklob plant


Innate Abilities, Weirdness & Mutations

Your dull iron-grey scales are very hard. (AC +13)
You are amphibious.
You cannot fit into any form of body armour.
You are cold-blooded and may be slowed by cold attacks.
Your tail ends in a poisonous barb.
You are weak. (Str -2)
You have hidden genetic defects.
[You often lose your temper in combat.]
[You are very clumsy. (Dex -4)]
[Potions are less effective at restoring your health.]


Message History

You slash the efreet!
You kill the efreet!
Trog accepts your kill.
A wretched star comes into view.
You see here a +0 scimitar of flaming.
Aiming: Mindburst
Press: ? - help, Shift-Dir - straight line, f - you That would be overly suicidal.
Okay, then.
Aiming: Mindburst
Press: ? - help, Shift-Dir - straight line, f - wretched star
Aim: a wretched star (infinite will)
The wretched star is unaffected.
A ynoxinul comes into view.
The wretched star pulses with an eldritch light!
You feel a little pissed off.
You feel angry.
A large abomination comes into view.
You're still recovering from your berserk rage.
You slash the large abomination!
The large abomination is lightly damaged.
The ynoxinul gestures.
The large abomination hits you!
* * * LOW HITPOINT WARNING * * *
You slice the large abomination!!
The large abomination is almost destroyed.
You recover from your berserk rage.
The wretched star pulses with an eldritch light!
You feel clumsy. x2
The ufetubus hits you but does no damage. x2
The large abomination hits you but does no damage.
The ynoxinul closely misses you.
You slice the large abomination!!
You destroy the large abomination!
Trog accepts your kill. The ufetubus hits you.
* * * LOW HITPOINT WARNING * * *
The ufetubus barely misses you.
An ancient zyme comes into view.
The large abomination hits you!
You die...

##..# #... .... ...
. ## #.. .#.# .
#.###..#...#.# .
#.........#.#.# #
#####...... #....#
#..#........##...#
. #..... .##.#@X..#
#
#..#..#.....#35#.##
#...#. .#.....5§ ..
.#...#...#......#..
#. # #
.†.#......#.# .#
#...#.#†#..##..#...
# ....#. ...#
.#...##_ .# .
....x.#####. . . ..
.. .#.#.#. # .#


You could see an ancient zyme (wandering), a large abomination, a ynoxinul and 2
ufetubi.

Vanquished Creatures
  A ghost moth (shapeshifter) (D:9)
  2 hydras
  A boulder beetle (D:9)
  Erica (D:11)
  A two-headed ogre (D:10)
  3 centaur warriors
  A wretched star (Abyss:3)
  Sonja (D:10)
  Pikel (D:7)
  A wizard (D:9)
  An ugly thing (D:9)
  2 cyclopes (D:9)
  Joseph (D:10)
  A smoke demon (Abyss:3)
  An efreet (Abyss:3)
  An unseen horror (D:11)
  2 trolls
  2 ancient zymes (Abyss:3)
  A hornet (D:9)
  A queen bee (shapeshifter) (D:10)
  A slime creature (D:10)
  3 large abominations (Abyss:3)
  A shadow (D:11)
  A ynoxinul (Abyss:3)
  A wyvern (D:9)
  Grum (D:10)
  A wraith (D:11)
  19 yaks
  A basilisk (D:9)
  A chaos spawn (Abyss:3)
  A neqoxec (Abyss:3)
  2 acid dragons
  3 hell hounds (Abyss:3)
  4 orc warriors
  3 black bears
  An ice beast (D:6)
  An ogre (D:4)
  2 wolves (D:10)
  7 centaurs
  5 kobold brigands
  4 bullfrogs
  3 gnoll sergeants
  7 killer bees
  8 wights
  A howler monkey (D:8)
  An electric eel (D:8)
  4 centaur zombies
  A hound (D:7)
  A jelly (D:6)
  A bullfrog skeleton (D:4)
  5 orc priests
  3 gnoll shamans
  A bullfrog zombie (D:6)
  Jessica (D:2)
  2 scorpion zombies
  An iguana (D:6)
  5 orc wizards
  2 hound skeletons
  Robin (D:4)
  19 gnolls
  A howler monkey skeleton (D:5)
  7 adders
  A white imp (D:6)
  2 adder skeletons (D:4)
  2 worms
  8 dart slugs
  49 orcs
  2 ball pythons (D:3)
  8 bats
  7 endoplasms
  A giant cockroach (D:2)
  11 goblins
  13 hobgoblins
  19 kobolds
  7 quokkas
  4 frilled lizards
  6 rats
  A spectral hobgoblin (D:7)
305 creatures vanquished.

Vanquished Creatures (others)
  12 plants
12 creatures vanquished.

Grand Total: 317 creatures vanquished

Notes
Turn   | Place    | Note
-------+----------+-------------------------------------------
     0 | D:1      | mg7810 the Draconian Fighter began the quest for the Orb.
     0 | D:1      | Reached XP level 1. HP: 19/19 MP: 1/1
    51 | D:1      | Reached XP level 2. HP: 22/26 MP: 2/2
   510 | D:1      | Reached XP level 3. HP: 15/31 MP: 3/3
   697 | D:1      | Reached skill level 1 in Unarmed Combat
  1141 | D:2      | Noticed Jessica
  1144 | D:2      | Killed Jessica
  1145 | D:2      | Reached skill level 1 in Stealth
  1263 | D:2      | Found a faded altar of an unknown god.
  1314 | D:2      | Reached XP level 4. HP: 33/39 MP: 4/4
  1827 | D:2      | Upgraded the game from 0.28-a0-410-gbef64dd269 to
                  | 0.28-a0-413-gde365fb1df
  1903 | D:3      | Found a radiant altar of Vehumet.
  1903 | D:3      | Found a glowing silver altar of Zin.
  1904 | D:3      | Found a snail-covered altar of Cheibriados.
  2055 | D:3      | Found Miucw's Antique Armour Shop.
  2571 | D:3      | Reached XP level 5. HP: 46/46 MP: 5/5
  2589 | D:3      | Found a hide-covered altar of Uskayaw.
  2952 | D:4      | Reached skill level 1 in Throwing
  2957 | D:4      | Reached skill level 3 in Long Blades
  3099 | D:4      | Noticed Robin
  3126 | D:4      | HP: 1/46 [Robin (7)]
  3128 | D:4      | Killed Robin
  3136 | D:4      | HP: 1/46 [adder skeleton (2)]
  3252 | D:4      | Found a staircase to the Ecumenical Temple.
  3266 | D:4      | Reached XP level 6. HP: 48/52 MP: 6/6
  4134 | D:5      | Entered Level 5 of the Dungeon
  4368 | D:5      | Reached skill level 4 in Long Blades
  4453 | D:5      | Found a burning altar of Makhleb.
  4533 | D:5      | Your scales start taking on a dull iron-grey colour.
  4533 | D:5      | Reached XP level 7. HP: 59/59 MP: 7/7
  5039 | D:3      | Bought a pair of glowing boots for 180 gold pieces
  5118 | D:6      | Reached skill level 5 in Long Blades
  5425 | D:6      | Found Fusuija's Magic Scroll Boutique.
  5425 | D:6      | Found Bakhliv's Book Boutique.
  5432 | D:6      | Reached XP level 8. HP: 55/67 MP: 8/8
  5503 | D:6      | Found Qych's Assorted Antiques.
  5866 | D:6      | Found Lossetob's Jewellery Emporium.
  5884 | D:6      | Found Posoun's Book Emporium.
  5893 | D:6      | Reached skill level 6 in Long Blades
  6076 | D:6      | Upgraded the game from 0.28-a0-413-gde365fb1df to
                  | 0.28-a0-422-gd71735cc25
  6154 | D:7      | Noticed Pikel
  6170 | D:7      | Killed Pikel
  6171 | D:7      | Reached XP level 9. HP: 67/73 MP: 9/9
  6401 | D:7      | Found a hazy altar of Hepliaklqana.
  6480 | D:7      | Reached skill level 5 in Fighting
  6593 | D:7      | Reached skill level 7 in Long Blades
  7032 | Temple   | Entered the Ecumenical Temple
  7132 | Temple   | Became a worshipper of Trog the Wrathful
  7441 | D:3      | Bought a cloak for 108 gold pieces
  7670 | D:8      | Reached skill level 5 in Stealth
  8122 | D:8      | Found a shadowy altar of Dithmenos.
  8934 | D:9      | Reached skill level 1 in Crossbows
  8934 | D:9      | Reached skill level 1 in Evocations
  9165 | D:9      | Identified the amulet "Hitema" {Drain Regen+ rCorr Dex+8}
  9230 | D:9      | Found a broken altar of Ashenzari.
  9246 | D:9      | Reached * piety under Trog
  9252 | D:9      | Reached skill level 5 in Dodging
  9254 | D:9      | Reached skill level 5 in Unarmed Combat
  9260 | D:9      | Reached skill level 8 in Long Blades
  9261 | D:9      | Reached XP level 10. HP: 47/81 MP: 10/10
  9839 | D:9      | Noticed a centaur warrior
  9839 | D:9      | Noticed a centaur warrior
  9840 | D:9      | Noticed a white ugly thing
  9840 | D:9      | Noticed a wizard
  9851 | D:9      | Killed a centaur warrior
  9852 | D:9      | Reached skill level 5 in Throwing
  9855 | D:9      | Killed a white ugly thing
  9857 | D:9      | Killed a wizard
  9859 | D:9      | Noticed a cyclops
  9861 | D:9      | Noticed a boulder beetle
  9867 | D:9      | Killed a cyclops
  9868 | D:9      | Reached skill level 9 in Long Blades
  9875 | D:9      | Killed a boulder beetle
  9903 | D:9      | Reached ** piety under Trog
  9931 | D:9      | Noticed a cyclops
  9943 | D:9      | Killed a cyclops
  9944 | D:9      | Reached XP level 11. HP: 44/89 MP: 11/11
  9951 | D:9      | Noticed a ghost moth
  9962 | D:9      | Killed a ghost moth
 10256 | D:9      | Killed a centaur warrior
 10731 | D:9      | Noticed an eight-headed hydra
 10988 | D:9      | Killed an eight-headed hydra
 12101 | D:10     | Entered Level 10 of the Dungeon
 12143 | D:10     | Noticed a centaur warrior
 12145 | D:10     | Noticed a seven-headed hydra
 12152 | D:10     | Killed a seven-headed hydra
 12153 | D:10     | Reached skill level 10 in Long Blades
 12160 | D:10     | Killed a centaur warrior
 12489 | D:10     | Noticed Joseph
 12490 | D:10     | You fall into a shaft and drop 1 floor!
 12490 | D:11     | Noticed Erica
 12505 | D:11     | Killed Erica
 12906 | D:11     | Found the ring of the Tortoise {AC+8}
 13081 | D:10     | Reached XP level 12. HP: 100/100 MP: 12/12
 13093 | D:10     | Found Cierox's Distillery.
 13121 | D:10     | Noticed Sonja
 13351 | D:10     | Noticed Grum
 13361 | D:10     | Killed Grum
 13379 | D:10     | Noticed a two-headed ogre
 13389 | D:10     | Killed a two-headed ogre
 13390 | D:10     | Reached skill level 11 in Long Blades
 13604 | D:10     | Killed Joseph
 13640 | D:10     | Found a sacrificial altar of Ru.
 13897 | D:10     | Killed Sonja
 14490 | D:11     | Noticed a boulder beetle
 14610 | D:11     | You fall into a shaft and drop 1 floor!
 14614 | D:12     | Cast into level 3 of the Abyss (a wizard)
 14614 | Abyss:3  | Noticed a green very ugly thing
 14614 | Abyss:3  | Noticed a starcursed mass
 14614 | Abyss:3  | Noticed a purple very ugly thing
 14614 | Abyss:3  | Found a corrupted altar of Lugonu.
 14700 | Abyss:3  | Reached *** piety under Trog
 14723 | Abyss:3  | Gained mutation: You occasionally shout uncontrollably at
                  | your foes. [potion of mutation]
 14723 | Abyss:3  | Gained mutation: Your system is resistant to poisons.
                  | (rPois) [potion of mutation]
 14735 | Abyss:3  | Lost mutation: You occasionally shout uncontrollably at
                  | your foes. [potion of mutation]
 14735 | Abyss:3  | Lost mutation: Your system is resistant to poisons. (rPois)
                  | [potion of mutation]
 14735 | Abyss:3  | Gained mutation: Your tail ends in a poisonous barb.
                  | [potion of mutation]
 14735 | Abyss:3  | Gained mutation: You have hidden genetic defects. [potion
                  | of mutation]
 14735 | Abyss:3  | Gained mutation: You are weak. (Str -2) [potion of
                  | mutation]
 14739 | Abyss:3  | Found a corrupted altar of Lugonu.
 14750 | Abyss:3  | HP: 4/103 [ufetubus[a ynoxinul] (2)]
 14750 | Abyss:3  | Mangled by a large abomination

Illustrated notes

Levels and vault maps discovered:
D:1:      heliophobic_arrival_dark_side_of_the_moon, layout_basic,
          roderic_serpentine_path
D:2:      layout_rooms, shapermc_ecumenical_altar_pompeii,
          minmay_misc_feat_hallway, kennysheep_small_spiral, uniq_jessica
D:3:      layout_loops_corners, nicolae_overflow_quartered_altars, serial_shops,
          nicolae_shop_window_shopping
D:4:      layout_loops_ring, minmay_temple_entry_stoned_glass, serial_bayou,
          serial_bayou_pond_d, serial_bayou_crossing, serial_bayou_lagoon_b,
          serial_bayou_shore_a, uniq_robin
D:5:      layout_rooms, lemuel_crystal_altar, serial_corexii_hall,
          chequers_hall_statues_wall_a, corexii_hall_statues_x,
          corexii_hall_statues_s, corexii_hall_statues_t
D:6:      layout_rooms, serial_shops, nicolae_shop_behind_doors, shop,
          nicolae_diamond_shop, shop_scrolls, shop_statue
D:7:      layout_loops_ring, nicolae_hepliaklqana_monster_ancestors, uniq_pikel
D:8:      layout_loops_corners, mainiacjoe_overflow_paths, serial_aquarium,
          aquarium_bridge_long_separate [aquarium_subvault_bridge,
          aquarium_subvault_window, aquarium_subvault_wall,
          aquarium_subvault_bridge, aquarium_subvault_balcony,
          aquarium_subvault_bridge], aquarium_window_corridor_2,
          aquarium_window_fake, aquarium_view_2a, aquarium_view_2e,
          aquarium_balcony_3b, aquarium_pool_side, kennysheep_path_1,
          minmay_misc_feat_diagonals, corexii_checkpoint_a, grunt_decor_fettered
D:9:      minmay_the_grid_octo_2x2 [minmay_the_grid_octo_77,
          minmay_the_grid_octo_vomiting_pacman, minmay_the_grid_octo_teeth,
          minmay_the_grid_octo_prize_ultimate_mussel_roller], layout_layer_cave,
          nicolae_ashenzari_skybound, special_room [special_room_orc]
D:10:     layout_irregular_city, nicolae_ru_sacrificial_ziggurat, serial_shops,
          shop, minivault_10, minmay_radiant, uniq_sonja, uniq_grum, uniq_joseph
D:11:     layout_cave_pods, dpeg_oklobed_lair, uniq_erica
D:12:     layout_basic, minmay_orc_entry_guard_dogs, special_room
          [special_room_orc]
Temple:   nicolae_temple_god_jail
Abyss:3:  base: D:1, doesnt_abyss_rune_brain_food, evilmike_abyss_exit_14,
          gammafunk_abyss_rune_reverse_zot, gammafunk_abyss_rune_reverse_zot,
          hangedman_abyss_exit_choices

Skill      XL: |  1  2  3  4  5  6  7  8  9 10 11 12 |
---------------+-------------------------------------+-----
Dodging        | 3 4 5 6 7 |  7.6
Unarmed Combat | 1 2 3 4 5 6 |  6.5
Stealth        | 1 2 3 4 5 6 7 |  7.8
Throwing       | 1 2 3 4 5 6 |  6.1
Long Blades    | 3 4 5 6 8 9 10 11 | 11.8
Fighting       | 4 5 6 7 8 |  8.3
Crossbows      | 1 3 4 |  4.4
Evocations     | 2 3 4 |  4.7
Shields        | |  3.8

Action                   |  1- 3 |  4- 6 |  7- 9 | 10-12 || total
-------------------------+-------+-------+-------+-------++-------
Melee: Long sword        |    86 |   211 |    89 |       ||   386
       Tailslap          |     5 |    27 |    34 |    45 ||   111
       Great sword       |       |       |   120 |   275 ||   395
 Fire: Hand crossbow     |       |       |     2 |    20 ||    22
Throw: Dart              |       |       |     7 |    16 ||    23
Invok: Berserk           |       |       |     1 |     8 ||     9
       Trog's Hand       |       |       |       |     4 ||     4
Evoke: Wand              |       |       |       |     9 ||     9
       Lightning rod     |       |       |       |     3 ||     3
  Use: Potion            |       |     2 |     5 |     7 ||    14
       Scroll            |       |       |    15 |     6 ||    21
 Stab: Sleeping          |     2 |     6 |     4 |     5 ||    17
       Distracted        |     1 |       |       |     3 ||     4
Armor: Skin              |    33 |    63 |   108 |   269 ||   473
Dodge: Dodged            |    59 |   138 |   182 |   371 ||   750
Block: Buckler           |    14 |    56 |    24 |       ||    94

Table legend: (Time is in decaauts)
 A = Elapsed time spent in this place.
 B = Non-inter-level travel time spent in this place.
 C = Inter-level travel time spent in this place.
 D = Time resting spent in this place.
 E = Time spent auto-exploring this place.
 F = Levels seen in this place.
 G = Mean time per level.
                   A        B        C        D        E       F      G
               +--------+--------+--------+--------+--------+-----+--------+
         Total |  15101 |  14044 |   1057 |     50 |  11159 |  14 | 1078.6 |
       Dungeon |  14819 |  13765 |   1054 |     50 |  11109 |  12 | 1234.9 |
        Temple |    134 |    132 |      2 |      0 |     50 |   1 |  134.0 |
         Abyss |    148 |    148 |      0 |      0 |      0 |   1 |  148.0 |
               +--------+--------+--------+--------+--------+-----+--------+

Top non-repeatable levels by time:
     D:9: 3303 daAuts
     D:4: 1581 daAuts
     D:8: 1442 daAuts
    D:10: 1409 daAuts
     D:6: 1149 daAuts
     D:1: 1138 daAuts
     D:3: 1098 daAuts
     D:7: 973 daAuts
     D:5: 961 daAuts
    D:11: 915 daAuts
     D:2: 841 daAuts
 Abyss:3: 148 daAuts
  Temple: 134 daAuts
    D:12: 3 daAuts
